Map: Neon Violet Square LE

Players

Neeb - Winner!

  • Race: Protoss Protoss
  • Spawn Location: 11:00

Elazer

  • Race: Zerg Zerg
  • Spawn Location: 5:00

Event: WCS Leipzig 2018

VOD

Have the link to the VOD?

Description

Time

  • Played on: Jan. 27, 2018, 9:59 a.m.
  • Length: 20:27

All games in this series

Show
View Real Time Build Order
Export as new Build Order

Neeb Protoss - Winner!

Build Orders: 1 Gate Expand, Oracle Opening, Archon Immortal, Carriers, Zealot Archon 

Get SALT Encoding   

  12  0:00  Probe  
  13  0:12  Probe  
  14  0:20  Pylon  
  14  0:24  Probe  
  15  0:36  Assimilator  
  15  0:38  Probe (Chrono Boost)  
  16  0:47  Probe (Chrono Boost)  
  17  0:51  Gateway  
  17  0:52  Probe  
  18  1:04  Probe  
  19  1:16  Probe  
  20  1:24  Nexus  
  20  1:28  Probe  
  21  1:39  Cybernetics Core  
  21  1:42  Probe  
  22  1:48  Assimilator  
  22  1:54  Probe  
  22  1:59  Pylon  
  23  2:14  Probe  
  23  2:16  Adept (Chrono Boost)  
  23  2:22  Probe  
  26  2:23  Stargate  
  27  2:31  Warp Gate  
  27  2:32  Probe  
  27  2:34  Adept (Chrono Boost)  
  30  2:37  Probe  
  30  2:44  Probe  
  32  2:49  Probe  
  33  2:52  Adept  
  33  2:56  Probe  
  36  3:01  Probe  
  37  3:07  Oracle (Chrono Boost)  
  37  3:08  Probe  
  41  3:14  Probe, Pylon  
  42  3:20  Probe  
  42  3:25  Gateway  
  42  3:26  Probe  
  44  3:28  Gateway  
  44  3:32  Probe  
  44  3:34  Oracle (Chrono Boost)  
  45  3:40  Probe  
  49  3:44  Probe  
  49  3:47  Pylon  
  50  3:49  Assimilator  
  50  3:52  Probe  
  50  3:53  Assimilator  
  51  3:56  Probe  
  52  4:03  Phoenix  
  52  4:05  Probe  
  52  4:08  Probe, Pylon  
  56  4:15  Robotics Facility  
  56  4:17  Probe  
  56  4:20  Probe  
  58  4:29  Probe  
  59  4:33  Probe  
  60  4:38  Nexus  
  60  4:41  Probe  
  60  4:42  Twilight Council  
  60  4:45  Probe  
  62  4:52  Pylon  
  62  4:53  Probe  
  62  4:55  Pylon  
  63  5:01  Probe  
  63  5:04  Immortal (Chrono Boost)  
  63  5:06  Pylon  
  68  5:08  Probe  
  68  5:13  Probe  
  70  5:20  Probe  
  71  5:25  Probe  
  72  5:30  Charge  
  72  5:32  Probe  
  72  5:33  Templar Archives, Immortal (Chrono Boost)  
  77  5:37  Probe  
  77  5:38  Assimilator  
  78  5:43  Assimilator  
  78  5:44  Probe  
  78  5:46  Shield Battery  
  78  5:49  Shield Battery  
  80  5:50  Probe x2, Pylon  
  80  5:56  Probe  
  82  6:03  Immortal (Chrono Boost)  
  86  6:06  Probe x2  
  86  6:09  Probe  
  86  6:10  Psionic Storm  
  86  6:11  High Templar x3  
  93  6:15  Gateway  
  93  6:16  Gateway  
  95  6:22  Probe  
  95  6:24  Probe x2  
  98  6:35  Probe, Immortal  
  98  6:36  Probe  
  104  6:41  Pylon  
  104  6:42  Pylon  
  104  6:46  Robotics Facility  
  104  6:49  High Templar x2  
  104  6:52  Forge  
  108  6:57  Gateway  
  108  7:00  High Templar  
  110  7:01  Gateway  
  110  7:02  Pylon  
  110  7:03  Probe x2  
  110  7:05  Probe  
  113  7:12  Gateway  
  113  7:14  Warp Prism (Chrono Boost)  
  113  7:15  Probe  
  116  7:17  Pylon  
  116  7:18  High Templar x2  
  120  7:23  Protoss Ground Weapons Level 1 (Chrono Boost), Archon  
  120  7:26  Nexus  
  120  7:32  Photon Cannon  
  120  7:36  Observer (Chrono Boost)  
  121  7:42  Probe x2  
  121  7:43  Probe  
  124  7:46  Photon Cannon  
  124  7:48  Immortal (Chrono Boost)  
  124  7:49  Pylon  
  128  7:52  Immortal (Chrono Boost)  
  128  7:54  Probe  
  133  7:59  Photon Cannon  
  133  8:01  Assimilator  
  133  8:04  Assimilator  
  133  8:16  Zealot x7  
  133  8:18  Immortal (Chrono Boost)  
  147  8:20  Immortal  
  153  8:38  Pylon  
  153  8:39  Pylon  
  153  8:40  Pylon  
  147  8:42  Photon Cannon  
  147  8:46  Zealot x2  
  145  8:54  Immortal  
  145  8:57  Probe x2  
  145  8:58  High Templar x2  
  145  8:59  High Templar x3  
  145  9:01  High Templar  
  163  9:05  Archon  
  163  9:06  Archon x2  
  163  9:09  Protoss Ground Weapons Level 2 (Chrono Boost)  
  159  9:13  Photon Cannon  
  159  9:15  Pylon  
  159  9:20  Photon Cannon  
  159  9:23  Immortal  
  163  9:30  Fleet Beacon  
  163  9:34  High Templar  
  163  9:36  High Templar x2  
  163  9:37  Zealot x3  
  175  9:38  Zealot  
  175  9:43  Archon  
  175  9:47  Zealot, Immortal (Chrono Boost)  
  175  9:52  Probe  
  173  9:56  Probe  
  160  10:02  Observer (Chrono Boost)  
  160  10:06  Zealot x5  
  161  10:16  Observer (Chrono Boost)  
  156  10:27  Nexus  
  150  10:30  Immortal (Chrono Boost)  
  150  10:33  High Templar x3  
  150  10:34  Zealot x5  
  168  10:37  Archon  
  168  10:42  Pylon  
  168  10:43  Immortal (Chrono Boost)  
  159  11:04  Mothership (Chrono Boost)  
  158  11:12  High Templar x4  
  158  11:13  Nexus, Zealot x3  
  158  11:15  Immortal x2 (Chrono Boost)  
  158  11:16  Archon x2  
  180  11:27  Probe  
  180  11:28  Probe  
  180  11:29  Probe  
  177  11:35  Archon  
  161  11:40  Zealot x2  
  161  11:41  Zealot x2  
  161  11:44  Zealot  
  158  11:47  Immortal  
  149  11:57  Zealot x2  
  149  11:58  Zealot, Immortal  
  149  12:00  Protoss Ground Weapons Level 3 (Chrono Boost)  
  144  12:11  Shield Battery x2  
  144  12:14  Shield Battery  
  144  12:15  Zealot x4  
  152  12:20  Gateway  
  152  12:22  Gateway  
  152  12:24  Nexus, Gateway  
  152  12:26  Observer  
  147  12:38  Immortal  
  145  12:48  Immortal  
  145  12:49  High Templar x7  
  163  12:52  Carrier, Pylon  
  159  13:00  Protoss Air Weapons Level 1 (Chrono Boost)  
  159  13:02  Graviton Catapult  
  159  13:04  Probe  
  150  13:06  Probe  
  150  13:11  Assimilator  
  151  13:15  Assimilator  
  151  13:17  Immortal (Chrono Boost)  
  155  13:25  Zealot x5, Immortal (Chrono Boost)  
  169  13:29  Photon Cannon  
  169  13:46  Zealot x6  
  181  13:49  Immortal (Chrono Boost)  
  181  13:52  Immortal (Chrono Boost), Pylon  
  185  14:01  Stargate  
  185  14:02  Stargate  
  189  14:05  Zealot x2  
  193  14:13  Photon Cannon  
  193  14:14  Photon Cannon  
  193  14:15  Photon Cannon  
  193  14:16  Carrier (Chrono Boost)  
  193  14:17  Photon Cannon  
  199  14:26  Observer  
  200  14:33  Zealot x2  
  200  14:37  Protoss Air Weapons Level 2  
  200  14:41  Protoss Shields Level 1 (Chrono Boost)  
  198  14:52  Photon Cannon  
  198  14:53  Photon Cannon  
  198  14:54  Photon Cannon  
  198  14:56  Shield Battery  
  198  14:59  Shield Battery, Carrier (Chrono Boost)  
  190  15:17  Carrier (Chrono Boost)  
  168  15:32  Carrier (Chrono Boost)  
  168  15:34  High Templar x6  
  171  15:49  High Templar  
  173  15:50  High Templar x2, Archon  
  173  15:51  Archon  
  163  16:09  High Templar x4  
  171  16:13  Archon  
  171  16:14  Archon  
  171  16:17  Carrier (Chrono Boost)  
  177  16:29  Observer  
  177  16:31  Nexus  
  172  16:33  Carrier (Chrono Boost)  
  174  16:45  Zealot x9  
  190  16:47  Carrier (Chrono Boost)  
  173  17:09  Archon x3  
  156  17:25  High Templar x6  
  156  17:29  Pylon  
  164  17:32  Assimilator  
  164  17:33  Carrier (Chrono Boost)  
  164  17:35  Assimilator  
  162  17:50  Archon  
  150  17:51  Void Ray  
  148  18:06  Void Ray  
  146  18:26  Zealot x3  
  146  18:31  Carrier (Chrono Boost)  
  124  18:44  Carrier (Chrono Boost)  
  124  18:45  Observer  
  124  18:46  High Templar x4  
  132  18:51  Nexus  
  132  18:54  High Templar  
  132  18:55  Observer  
  137  18:56  Zealot x4  
  137  18:58  Immortal  
  150  19:14  Nexus  
  150  19:17  Zealot, Pylon  
  150  19:19  Zealot  
  150  19:21  Zealot x3  
  152  19:48  Archon x2  
  147  19:56  Zealot x2  
  147  19:57  Zealot x4  
  159  20:00  Assimilator  
  159  20:10  Zealot x2  
  160  20:15  Zealot  
Show
View Real Time Build Order
Export as new Build Order

Elazer Zerg 

Build Orders: Hatch First, Brood Lord Corruptor, Lurkers 

Get SALT Encoding   

  12  0:00  Drone  
  13  0:14  Overlord  
  13  0:17  Drone  
  14  0:32  Drone x2  
  16  0:49  Hatchery  
  15  0:52  Drone  
  15  0:56  Drone  
  17  0:59  Drone  
  18  1:10  Extractor  
  17  1:15  Spawning Pool  
  17  1:18  Drone  
  17  1:21  Drone  
  18  1:29  Drone  
  19  1:40  Drone  
  20  1:52  Overlord  
  20  2:01  Drone  
  21  2:02  Queen x2  
  21  2:03  Zergling x2  
  26  2:10  Metabolic Boost  
  26  2:12  Zergling x2  
  26  2:15  Drone  
  28  2:23  Drone x2  
  30  2:38  Hatchery  
  30  2:39  Drone  
  30  2:47  Queen  
  32  2:52  Overlord  
  32  2:54  Drone  
  32  2:58  Drone  
  34  2:59  Drone  
  34  3:06  Drone  
  35  3:14  Drone x2  
  35  3:15  Drone  
  35  3:16  Zergling x4  
  35  3:19  Overlord  
  40  3:24  Queen  
  40  3:26  Drone  
  43  3:31  Spore Crawler  
  43  3:32  Drone  
  43  3:38  Drone x2  
  45  3:44  Drone x3  
  45  3:46  Drone  
  45  3:48  Drone, Spore Crawler  
  48  3:51  Drone  
  48  3:55  Lair  
  50  3:57  Drone  
  50  3:59  Drone  
  52  4:03  Drone  
  52  4:05  Drone x2  
  52  4:09  Drone  
  56  4:11  Extractor x2  
  56  4:15  Overlord, Spore Crawler  
  56  4:16  Drone  
  54  4:18  Drone  
  54  4:20  Drone  
  55  4:26  Zergling x4  
  55  4:30  Drone  
  58  4:32  Overlord  
  58  4:35  Drone x2  
  58  4:38  Drone x5  
  60  4:40  Drone  
  60  4:42  Drone  
  63  4:46  Overlord  
  63  4:50  Overlord  
  63  4:51  Drone  
  64  4:54  Hydralisk Den  
  64  4:57  Extractor  
  64  4:58  Drone x3  
  65  5:05  Drone x3  
  69  5:07  Drone  
  69  5:09  Overlord  
  69  5:12  Zergling x6  
  72  5:19  Overlord  
  68  5:22  Drone x5  
  68  5:25  Muscular Augments  
  68  5:28  Hydralisk  
  71  5:34  Overlord  
  71  5:35  Hydralisk x2  
  75  5:40  Hydralisk x2  
  81  5:44  Drone  
  81  5:45  Drone x2  
  81  5:46  Drone  
  81  5:48  Overlord  
  85  5:51  Drone x2  
  85  5:53  Drone  
  85  5:54  Drone  
  89  5:58  Overlord  
  89  5:59  Evolution Chamber  
  89  6:01  Drone  
  89  6:03  Pneumatized Carapace  
  88  6:05  Overseer  
  88  6:08  Extractor  
  88  6:10  Extractor  
  86  6:14  Drone  
  86  6:15  Drone x6  
  86  6:16  Lurker Den  
  86  6:17  Overseer  
  92  6:27  Zerg Missile Weapons Level 1  
  92  6:28  Hydralisk  
  93  6:34  Hatchery, Overlord  
  93  6:38  Drone x2  
  90  6:41  Overlord  
  90  6:42  Hydralisk x3  
  90  6:46  Drone x2  
  98  6:50  Drone x5  
  98  6:52  Drone x2  
  105  6:59  Overlord  
  105  7:00  Drone x4  
  109  7:02  Drone x2  
  109  7:03  Drone  
  109  7:08  Overlord  
  112  7:12  Overlord  
  112  7:13  Hydralisk  
  114  7:19  Hydralisk, Overlord  
  114  7:20  Hydralisk x2  
  114  7:22  Hydralisk  
  120  7:24  Hydralisk  
  120  7:26  Hydralisk  
  126  7:30  Overseer  
  126  7:31  Hydralisk x2  
  130  7:41  Hydralisk x5  
  140  7:47  Overlord  
  140  7:48  Hydralisk x2  
  144  7:52  Hydralisk x2  
  144  7:57  Overlord  
  148  8:01  Lurker x3  
  148  8:02  Lurker  
  148  8:03  Lurker  
  148  8:05  Zergling x16  
  159  8:11  Zergling x2  
  159  8:12  Zergling x4  
  163  8:21  Hydralisk x3  
  163  8:22  Hydralisk x2  
  173  8:27  Zergling x2  
  173  8:28  Zergling x4  
  176  8:35  Overlord x3  
  173  8:43  Zergling x2  
  173  8:44  Zergling x6  
  173  8:47  Overlord  
  161  8:59  Infestation Pit  
  161  9:00  Spire  
  161  9:01  Extractor  
  158  9:03  Drone x3, Hydralisk  
  158  9:04  Hydralisk x4  
  158  9:09  Zergling x18  
  180  9:11  Lurker x3  
  180  9:13  Hatchery  
  180  9:15  Lurker  
  183  9:19  Hydralisk  
  181  9:24  Hydralisk  
  181  9:25  Hydralisk  
  181  9:26  Zergling x10  
  190  9:31  Zergling x4  
  190  9:32  Zerg Missile Weapons Level 2  
  190  9:35  Overlord  
  192  9:40  Zergling x16  
  192  9:42  Hive  
  185  9:53  Hydralisk  
  185  9:54  Hydralisk x4  
  185  9:57  Zergling x8  
  169  10:01  Hydralisk  
  169  10:02  Hydralisk x2  
  161  10:10  Hydralisk x3  
  161  10:12  Zergling x2  
  161  10:13  Zergling x14  
  166  10:19  Hydralisk x3  
  164  10:23  Hydralisk  
  164  10:24  Hydralisk  
  166  10:31  Zergling x2  
  166  10:32  Zergling x8  
  166  10:34  Overseer  
  171  10:39  Lurker x2  
  171  10:41  Lurker  
  171  10:42  Zergling x8  
  178  10:43  Zergling x20  
  178  10:46  Zergling x2  
  189  10:50  Zergling x2  
  189  10:51  Zergling x2  
  187  11:03  Adaptive Talons  
  175  11:05  Greater Spire  
  175  11:08  Zergling x2  
  175  11:09  Zergling x22  
  187  11:16  Lurker x3  
  190  11:21  Hatchery, Overlord  
  190  11:22  Zergling x14  
  178  11:33  Hydralisk x4  
  178  11:36  Hydralisk  
  178  11:37  Hydralisk x4  
  179  11:45  Hydralisk x3  
  165  11:48  Zergling x2  
  165  11:49  Zergling x16  
  163  11:56  Hydralisk x4  
  159  12:03  Hydralisk  
  159  12:04  Hydralisk x3  
  159  12:07  Zergling x18  
  175  12:13  Zergling x6  
  178  12:15  Corruptor  
  178  12:18  Extractor  
  178  12:19  Corruptor  
  178  12:21  Drone x3  
  184  12:25  Corruptor  
  184  12:26  Drone  
  184  12:28  Corruptor  
  182  12:38  Zerg Melee Weapons Level 1  
  182  12:39  Corruptor  
  182  12:43  Zergling x6  
  182  12:44  Zergling x18  
  181  12:48  Overseer x2  
  181  12:50  Overlord  
  165  12:58  Zergling x2  
  165  12:59  Zergling x12  
  144  13:06  Hydralisk x7  
  144  13:11  Zergling x4  
  144  13:12  Zergling x10  
  159  13:15  Brood Lord  
  159  13:17  Brood Lord  
  165  13:20  Brood Lord  
  165  13:26  Brood Lord  
  164  13:28  Zergling x12  
  167  13:35  Brood Lord  
  167  13:36  Zergling x8  
  167  13:37  Zergling x6  
  176  13:46  Corruptor x3  
  179  13:50  Corruptor  
  179  13:55  Corruptor  
  183  14:01  Corruptor  
  185  14:05  Zerg Flyer Weapons Level 1  
  183  14:12  Corruptor  
  184  14:20  Extractor  
  184  14:21  Drone x3  
  186  14:27  Brood Lord x2  
  188  14:33  Zergling x2  
  188  14:34  Zergling x12  
  174  14:41  Brood Lord x2  
  178  14:46  Brood Lord  
  178  14:47  Zergling x18  
  189  14:55  Overseer x2  
  189  15:00  Corruptor x2  
  189  15:03  Overseer  
  164  15:16  Hydralisk  
  164  15:17  Hydralisk x5  
  162  15:28  Hatchery, Corruptor  
  148  15:29  Corruptor x2  
  148  15:32  Zergling x22  
  148  15:33  Zergling x2  
  164  15:43  Corruptor x2  
  164  15:49  Zergling x10  
  165  15:52  Corruptor x2  
  160  16:03  Corruptor x2  
  164  16:07  Hydralisk  
  164  16:10  Hatchery  
  165  16:13  Overseer  
  165  16:15  Overseer  
  165  16:17  Zergling x6  
  168  16:20  Overseer  
  147  16:35  Corruptor x2  
  151  16:42  Hydralisk  
  151  16:43  Hydralisk x2  
  157  16:47  Hydralisk x2  
  159  16:57  Corruptor  
  155  17:06  Hydralisk x4  
  146  17:13  Hydralisk x3  
  138  17:28  Hydralisk x5  
  134  17:34  Drone x4  
  137  17:42  Overseer  
  134  17:44  Drone x5  
  139  17:54  Hydralisk x2  
  115  18:22  Hydralisk  
  115  18:23  Hydralisk x4  
  121  18:31  Hydralisk x5  
  111  18:39  Hydralisk x5  
  107  18:46  Hydralisk  
  95  18:51  Hydralisk  
  97  18:57  Hydralisk  
  97  18:58  Zergling x10  
  97  19:01  Zergling x8  
  97  19:02  Zergling x4, Queen  
  110  19:09  Overseer x2  
  112  19:13  Zergling x2  
  112  19:14  Zergling x10  
  118  19:22  Hydralisk x2  
  122  19:28  Hydralisk  
  101  19:43  Hydralisk x3  
  89  19:49  Zergling x2  
  89  19:50  Zergling x28  
  99  19:54  Extractor  
  99  19:57  Hydralisk x2  
  99  20:03  Drone x4  
  96  20:17  Hatchery  
Tags
 
Add a new tag
Caveats
  • Supply blocks, unpowered buildings, or Contaminate may cause inaccurate times.
  • Supply counts are checked every 10 seconds.